 Dungeon Crawl Stone Soup version 0.21.1-72-gffa868e (webtiles) character file.

8035 Madoushi the Basher (level 11, 0/68 HPs)
             Began as a Gargoyle Fighter on Aug 4, 2018.
             Was a Priest of Okawaru.
             Slain by a death yak (14 damage)
             ... on level 8 of the Dungeon.
             The game lasted 00:31:51 (7847 turns).

Madoushi the Basher (Gargoyle Fighter)              Turns: 7847, Time: 00:31:51

Health: 0/68       AC: 19    Str: 24    XL:     11   Next: 24%
Magic:  7/11       EV: 14    Int:  8    God:    Okawaru [***...]
Gold:   306        SH: 14    Dex:  9    Spells: 6/10 levels left

rFire    . . .     SeeInvis .   E - +5 flail
rCold    . . .     Gourm    .   c - +0 shield
rNeg     + . .     Faith    .   b - +1 scale mail
rPois    ∞         Spirit   .   (no helmet)
rElec    +         Reflect  .   (no cloak)
rCorr    .         Harm     .   (no gloves)
MR       .....                  (no boots)
Stlth    +.........             l - amulet of regeneration
HPRegen  0.61/turn              s - +1 ring of protection
MPRegen  0.12/turn              (no ring)

@: heroism
A: negative energy resistance 1, electricity resistance, unbreathing,
petrification resistance, rot immunity, AC +8
a: Heroism, Renounce Religion


You were on level 8 of the Dungeon.
You worshipped Okawaru.
Okawaru was most pleased with you.
You were not hungry.

You visited 2 branches of the dungeon, and saw 9 of its levels.
You also visited: Sewer.

You collected 306 gold pieces.

Inventory:

Hand Weapons
 a - a +1 flail
 q - a +2 spear
 w - a +2 great sword of holy wrath
 x - a +1 spear of venom
 E - a +5 flail (weapon)
 F - a +4 scythe
 J - a +0 whip of electrocution
Armour
 b - a +1 scale mail (worn)
 c - a +0 shield (worn)
 k - a +0 ring mail
 L - the +1 robe of Crawling {Int+4, unknown}
   (You found it on level 7 of the Dungeon)

   It affects your intelligence (+4).
Jewellery
 l - an amulet of regeneration (around neck)
 s - a +1 ring of protection (left hand)
 t - an uncursed ring of loudness
Wands
 K - a wand of polymorph (6)
Scrolls
 e - a scroll of enchant armour
 g - 5 scrolls of remove curse
 m - 2 scrolls of magic mapping
 o - 2 scrolls of blinking
 p - a scroll of brand weapon {unknown}
 r - 2 scrolls of teleportation
 y - a scroll of noise {unknown}
 z - a scroll of enchant weapon
 C - a scroll of identify
 G - a scroll of fear
 I - a scroll of immolation
Potions
 d - 2 potions of might
 i - a potion of cancellation {unknown}
 j - 3 potions of degeneration {unknown}
 n - a potion of invisibility {unknown}
 u - a potion of mutation {unknown}
 v - 3 potions of brilliance {unknown}
 A - a potion of flight {unknown}
 B - a potion of lignification {unknown}
 D - a potion of resistance {unknown}
 H - a potion of curing {unknown}
 N - a potion of magic {unknown}
Books
 M - a book of Maledictions

   Spells                             Type                      Level
   a - Corona                         Hexes                        1
   b - Ensorcelled Hibernation        Hexes/Ice                    2
   c - Confuse                        Hexes                        3
   d - Tukima's Dance                 Hexes                        3
   e - Dazzling Spray                 Conjuration/Hexes            3
 O - a book of Frost

   Spells                             Type                      Level
   a - Freeze                         Ice                          1
   b - Throw Frost                    Conjuration/Ice              2
   c - Ozocubu's Armour               Charms/Ice                   3
   d - Throw Icicle                   Conjuration/Ice              4
   e - Summon Ice Beast               Ice/Summoning                4
Comestibles
 f - 5 rations


   Skills:
 + Level 7.9(12.9) Fighting
 + Level 10.6(15.6) Maces & Flails
 + Level 7.7(12.7) Armour
 + Level 4.2(9.2) Dodging
 + Level 0.4(5.4) Stealth
 + Level 9.9(14.9) Shields
 + Level 0.5 Invocations


You had 6 spell levels left.
You knew the following spells:

 Your Spells              Type           Power        Failure   Level  Hunger
a - Confuse               Hex            #.......     95%         3    ####...
b - Freeze                Ice            #...         65%         1    ##.....


Dungeon Overview and Level Annotations

Branches:
Dungeon (8/15)             Temple (1/1) D:7
   Lair: D:8-11

Altars:
Ashenzari
Cheibriados
Dithmenos
Elyvilon
Fedhas
Gozag
Hepliaklqana
Kikubaaqudgha
Makhleb
Nemelex Xobeh
Okawaru
Ru
Sif Muna
Trog
Uskayaw
Vehumet
Wu Jian
Xom
Yredelemnul
Zin


Innate Abilities, Weirdness & Mutations

You are resistant to torment.
Your stone body is resilient. (AC +8)
You are immune to poison.
You resist negative energy. (rN+)
You are resistant to electric shocks. (rElec)
You can survive without breathing.
You are immune to petrification.
You are immune to rotting.


Message History

Okawaru accepts your kill.
Okawaru will gift you ammunition as your piety grows.
You hit the death yak but do no damage. You hit the death yak but do no damage.
The death yak gores you!
* * * LOW HITPOINT WARNING * * *
You barely miss the death yak. You block the death yak's attack.
You hit the death yak but do no damage.
You feel more confident with your borrowed prowess.
The death yak barely misses you.
Your scale mail prevents you from hitting the death yak.
The death yak barely misses you.
You sock the death yak!
The death yak is lightly wounded.
You block the death yak's attack.
You hit the death yak.
The death yak is lightly wounded.
You hit the death yak.
The death yak is lightly wounded.
The death yak gores you!
You die...

#.#.## #.......#
#.#.######.#######
#..........# ###.####...##
#.###.#...###.# ##########
#.##.##.......#
(.YYYY...###.###.##..###.##
########.##...###.#.##....#
#.....(.Y@.>....#
####...########..... ##.##
###. #.# #.# #.# ######.#
#......# #.######


You could see a death yak.

Vanquished Creatures
  6 death yaks (D:8)
  Pikel (D:6)
  The ghost of Sermion the Cleaver, a novice MiBe of Trog (D:6)
  Joseph (D:7)
  Grinder (D:6)
  Sigmund (D:6)
  Duvessa (D:6)
  3 sky beasts
  A black bear (D:8)
  2 ice beasts (D:7)
  An orc warrior (D:7)
  A necrophage (D:8)
  2 centaurs
  4 bullfrogs
  Dowan (D:6)
  2 scorpions
  5 wights
  3 killer bees (D:7)
  2 howler monkeys
  4 crimson imps
  A bullfrog zombie (D:6)
  A jelly (D:5)
  A centaur skeleton (D:5)
  3 orc priests
  4 hounds
  7 orc wizards
  4 iguanas
  3 worker ants
  A hound zombie (D:7)
  17 adders
  A shadow imp (D:5)
  9 oozes
  2 adder zombies
  2 worms
  2 dart slugs
  17 leopard geckos
  26 orcs
  13 giant cockroaches
  11 goblins
  5 hobgoblins
  8 jackals
  6 quokkas
  11 ball pythons (Sewer)
  6 bats
  20 frilled lizards
  A jackal skeleton (D:6)
  7 kobolds
  12 rats
244 creatures vanquished.

Vanquished Creatures (others)
  2 slaves (D:6)
2 creatures vanquished.

Grand Total: 246 creatures vanquished

Notes
Turn   | Place    | Note
-------+----------+-------------------------------------------
     0 | D:1      | Madoushi the Gargoyle Fighter began the quest for the Orb.
     0 | D:1      | Reached XP level 1. HP: 14/14 MP: 1/1
    62 | D:1      | Reached XP level 2. HP: 18/19 MP: 2/2
   331 | D:1      | Reached XP level 3. HP: 21/23 MP: 3/3
   955 | D:2      | Reached skill level 3 in Maces & Flails
   955 | D:2      | Reached XP level 4. HP: 28/29 MP: 4/4
  1694 | D:3      | You fall through a shaft!
  1708 | D:4      | Reached XP level 5. HP: 33/33 MP: 5/5
  1786 | D:4      | Reached XP level 6. HP: 10/38 MP: 6/6
  1968 | D:4      | Reached skill level 4 in Maces & Flails
  2144 | D:4      | Found an opulent altar of Gozag.
  2222 | D:4      | Found a glowing drain.
  2325 | Sewer    | Entered a sewer
  2609 | Sewer    | Reached skill level 5 in Shields
  2992 | Sewer    | Reached skill level 1 in Dodging
  3410 | Sewer    | Reached XP level 7. HP: 38/44 MP: 7/7
  3561 | D:3      | Found a shattered altar of Ashenzari.
  4350 | D:4      | Reached skill level 5 in Armour
  4609 | D:4      | Found a snail-covered altar of Cheibriados.
  4610 | D:4      | Found a sparkling altar of Nemelex Xobeh.
  4610 | D:4      | Found a burning altar of Makhleb.
  4610 | D:4      | Found a glowing silver altar of Zin.
  4838 | D:5      | Entered Level 5 of the Dungeon
  4891 | D:5      | Reached skill level 5 in Maces & Flails
  4950 | D:5      | Reached XP level 8. HP: 43/48 MP: 8/8
  5405 | D:6      | Noticed Sigmund
  5534 | D:5      | Reached skill level 6 in Maces & Flails
  5580 | D:5      | Reached skill level 5 in Fighting
  5595 | D:6      | Killed Sigmund
  5678 | D:6      | Noticed Sermion's ghost (novice MiBe)
  5720 | D:6      | Killed Sermion's ghost
  5720 | D:6      | Reached XP level 9. HP: 44/54 MP: 9/9
  5750 | D:6      | Reached skill level 7 in Maces & Flails
  5955 | D:6      | Noticed Pikel
  5961 | D:6      | Noticed Grinder
  5964 | D:6      | Killed Pikel
  5974 | D:6      | Paralysed by Grinder for 2 turns
  5984 | D:6      | Killed Grinder
  6181 | D:6      | Noticed Duvessa
  6181 | D:6      | Noticed Dowan
  6208 | D:6      | Killed Duvessa
  6216 | D:6      | Killed Dowan
  6334 | D:7      | Got a warped robe
  6468 | D:7      | Reached skill level 8 in Maces & Flails
  6650 | D:7      | Reached XP level 10. HP: 60/60 MP: 10/10
  6830 | D:7      | Found a staircase to the Ecumenical Temple.
  6855 | Temple   | Entered the Ecumenical Temple
  6947 | Temple   | Became a worshipper of Warmaster Okawaru
  7056 | D:7      | Noticed Joseph
  7067 | D:7      | Killed Joseph
  7187 | D:7      | Reached skill level 9 in Maces & Flails
  7622 | D:8      | Learned a level 3 spell: Confuse
  7626 | D:8      | Learned a level 1 spell: Freeze
  7654 | D:8      | Noticed a death yak
  7654 | D:8      | Noticed a death yak
  7663 | D:8      | Noticed a death yak
  7665 | D:8      | Noticed a death yak
  7666 | D:8      | Noticed a death yak
  7668 | D:8      | Noticed a death yak
  7670 | D:8      | Noticed a death yak
  7681 | D:8      | Killed a death yak
  7681 | D:8      | Reached * piety under Okawaru
  7793 | D:8      | Killed a death yak
  7793 | D:8      | Reached ** piety under Okawaru
  7807 | D:8      | Killed a death yak
  7807 | D:8      | Reached skill level 10 in Maces & Flails
  7817 | D:8      | Killed a death yak
  7817 | D:8      | Reached XP level 11. HP: 17/67 MP: 8/11
  7829 | D:8      | Killed a death yak
  7838 | D:8      | Killed a death yak
  7838 | D:8      | Reached *** piety under Okawaru
  7847 | D:8      | Slain by a death yak

Skill      XL: |  1  2  3  4  5  6  7  8  9 10 |
---------------+-------------------------------+-----
Maces & Flails | 3 4 5 6 8 10 | 10.6
Armour         | 4 5 6 7 |  7.7
Shields        | 4 5 6 7 8 9 |  9.9
Fighting       | 4 5 6 7 |  7.9
Dodging        | 1 2 3 4 |  4.2
Stealth        | |  0.4
Invocations    | |  0.5

Action                   |  1- 3 |  4- 6 |  7- 9 | 10-12 || total
-------------------------+-------+-------+-------+-------++-------
Melee: Flail             |   141 |   627 |   469 |   187 ||  1424
Invok: Heroism           |       |       |       |     4 ||     4
  Use: Scroll            |       |     1 |     9 |     5 ||    15
       Potion            |       |       |     1 |     3 ||     4
  Eat: Chunk             |       |     7 |     5 |     1 ||    13
       Ration            |       |     1 |     2 |     1 ||     4
Armor: Scale mail        |    90 |   572 |   253 |    69 ||   984
Dodge: Dodged            |    42 |   338 |   147 |    68 ||   595
Block: Shield            |    86 |   539 |   269 |   123 ||  1017
